 Dungeon Crawl Stone Soup version 0.17-a0-2055-gb4e23be (webtiles) character file.

145 radek the Skirmisher (level 5, -12/85 HPs)
             Began as an Ogre Berserker on Oct 11, 2015.
             Was a Priest of Trog.
             Mangled by an ogre
             ... wielding a +0 giant spiked club
              (16 damage)
             ... on level 4 of the Dungeon.
             The game lasted 00:09:25 (2822 turns).

radek the Skirmisher (Ogre Berserker)               Turns: 2822, Time: 00:09:25

Health: -12/85     AC:  3    Str: 28    XL:     5   Next: 27%
Magic:  5/5        EV: 10    Int:  6    God:    Trog [***...]
Gold:   124        SH:  0    Dex:  9    Spells: 0 memorised, 4 levels left

rFire  . . .     SeeInvis .     s - -2 flail (curse)
rCold  . . .     Clarity  .     b - +0 animal skin
rNeg   . . .     SustAt   .     (no shield)
rPois  .         Gourm    +     (helmet restricted)
rElec  .         Spirit   .     (no cloak)
rCorr  .         Warding  .     (gloves unavailable)
rMut   .         Stasis   .     (boots unavailable)
MR     .....                    n - amulet of the gourmand
Stlth  ..........               (no ring)
                                (no ring)

@: berserking (expiring), very quick, not resistant to hostile enchantments,
extremely unstealthy
A: unfitting armour, tough skin 1
a: Burn Spellbooks, Berserk, Trog's Hand, Renounce Religion


You were on level 4 of the Dungeon.
You worshipped Trog.
Trog was most pleased with you.
You were not hungry.

You visited 1 branch of the dungeon, and saw 4 of its levels.

You collected 124 gold pieces.

Inventory:

Hand Weapons
 a - a +1 mace
 h - a +0 club
 i - a +2 vampiric whip
 o - a +0 club
 s - a cursed -2 flail (weapon)
Armour
 b - a +0 animal skin (worn)
 f - a cursed +0 buckler
Jewellery
 n - an amulet of the gourmand (around neck)
 r - an uncursed amulet of stasis
Scrolls
 e - 2 scrolls of identify
 g - a scroll of enchant weapon
 l - a scroll of immolation
Potions
 j - a potion of degeneration {unknown}
 k - 2 potions of curing {unknown}
 p - a potion of poison {unknown}
Comestibles
 c - 2 bread rations
 d - 2 chunks of flesh


   Skills:
 + Level 5.2 Fighting
 + Level 5.1 Maces & Flails
 + Level 4.1 Dodging
 + Level 0.1 Stealth


You had 4 spell levels left.
You didn't know any spells.

Dungeon Overview and Level Annotations

Branches:
Dungeon (4/15)
 Temple: D:4-7

Altars:
Dithmenos
Gozag


Innate Abilities, Weirdness & Mutations

You are too large for most types of armour.
You have tough skin (AC +1).


Message History

Trog accepts your kill.
You closely miss the orc. You hit the orc.
The orc is severely wounded.
The orc hits you.
* * * LOW HITPOINT WARNING * * *
You sock the orc!
You kill the orc!
Trog accepts your kill.
The ogre hits you with a giant spiked club!
* * * LOW HITPOINT WARNING * * *
You sock the ogre!
The ogre is moderately wounded.
The ogre closely misses you.
You sock the ogre!
The ogre is severely wounded.
You closely miss the ogre.
The ogre is severely wounded.
The ogre hits you with a giant spiked club!
You die...

#. ######## #####.
#.[.).@####
....o.##.###[O...###
.....................
.....................
.....................
.....................
.....................
.....................
.....................


You could see an ogre.

Vanquished Creatures
  A worker ant (D:4)
  4 gnolls (D:2)
  An adder (D:2)
  An ooze (D:3)
  An adder skeleton (D:4)
  A worm (D:2)
  2 giant geckos
  5 orcs (D:4)
  7 hobgoblins
  2 jackals (D:2)
  5 kobolds
  2 quokkas
  A ball python (D:2)
  11 bats
  4 giant cockroaches
  2 giant newts
  8 goblins
  5 rats
63 creatures vanquished.

Notes
Turn   | Place    | Note
--------------------------------------------------------------
     0 | D:1      | radek the Ogre Berserker began the quest for the Orb.
     0 | D:1      | Reached XP level 1. HP: 24/24 MP: 1/1
   222 | D:1      | Reached XP level 2. HP: 7/33 MP: 2/2
   943 | D:1      | Reached XP level 3. HP: 35/40 MP: 3/3
   986 | D:1      | Found an opulent altar of Gozag.
  1062 | D:2      | Acquired Trog's second power
  1157 | D:2      | Found a shadowy altar of Dithmenos.
  1708 | D:2      | Reached XP level 4. HP: 49/49 MP: 4/4
  2201 | D:2      | Reached skill level 5 in Fighting
  2529 | D:3      | Reached skill level 5 in Maces & Flails
  2704 | D:3      | Found a faded altar to an unknown god.
  2792 | D:4      | Noticed an ogre
  2807 | D:4      | Reached XP level 5. HP: 45/57 MP: 5/5
  2818 | D:4      | HP: 4/85 [ogre/giant spiked club (16)]
  2822 | D:4      | Mangled by an ogre

Vault maps used:
D:1:      dpeg_arrival_water_altar, corexii_leaking_fountain,
          hangedman_abyss_or_decor_stabs
D:2:      old_standard_altar
D:3:      first_bread, ecumenical_altar_2, minmay_goblin_outpost
D:4:      wad_crossroads, kennysheep_mini, kennysheep_little_box, uniq_menkaure

Action                   |  1- 3 |  4- 6 || total
-------------------------+-------+-------++-------
Melee: Mace              |   116 |    43 ||   159
       Flail             |       |    22 ||    22
Invok: Berserk           |       |     2 ||     2
  Use: Scroll            |       |     5 ||     5
 Stab: Sleeping          |     1 |       ||     1
  Eat: Chunk             |     3 |     2 ||     5
       Meat ration       |       |     1 ||     1
